 Dungeon Crawl Stone Soup version 0.29.1-1-gd02db6906a (webtiles) character file.

Game seed: 8313973653401364718

6953 Metae the Protected (level 10, -1/94 HPs)
             Began as a Minotaur Fighter on Sept 24, 2022.
             Was a Follower of the Shining One.
             Slain by a two-headed ogre
             ... wielding a +0 giant spiked club
              (7 damage)
             ... on level 10 of the Dungeon.
             The game lasted 00:53:50 (11043 turns).

Metae the Protected (Minotaur Fighter)             Turns: 11043, Time: 00:53:50

Health: -1/94      AC: 13    Str: 24    XL:     10   Next: 80%
Magic:  13/13      EV:  8    Int:  5    God:    the Shining One [*.....]
Gold:   717        SH:  0    Dex: 14    Spells: 9/9 levels left

rFire   + . .      SeeInvis .   t - +1 triple sword of Tomorrow {vorpal, *Rage rElec Dex+3}
rCold   + . .      Faith    .   (shield currently unavailable)
rNeg    . . .      Spirit   .   E - +2 chain mail {rF+}
rPois   .          Reflect  .   (helmet restricted)
rElec   +          Harm     .   (no cloak)
rCorr   .          Rampage  .   (no gloves)
Will    .....      Rage     20% (no boots)
Stlth   ..........              w - amulet of regeneration
HPRegen 1.05/turn               K - ring of protection from cold
MPRegen 0.13/turn               (no ring)

@: slowed, glowing, very slow
A: horns 2, retaliatory headbutt
a: Renounce Religion, Divine Shield


You were on level 10 of the Dungeon.
You worshipped the Shining One.
The Shining One was aware of your devotion.
You visited 2 branches of the dungeon, and saw 11 of its levels.
You also visited: Bailey.

You collected 717 gold pieces.

Inventory:

Hand Weapons
 a - a +0 trident
 b - a +0 sling
 t - the +1 triple sword of Tomorrow (weapon) {vorpal, *Rage rElec Dex+3}
   (You found it in a bailey)

   It inflicts extra damage upon your enemies.
   Dex:       It affects your dexterity (+3).
   rElec:     It insulates you from electricity.
   *Rage:     It berserks you when you make melee attacks (+20% chance).
 N - a +3 scimitar of flaming
Missiles
 e - 128 stones
 k - 35 poisoned darts
Armour
 c - a +0 buckler
 n - a +0 tower shield
 E - a +2 chain mail of fire resistance (worn)
Magical Staves
 f - a staff of air
Jewellery
 w - an amulet of regeneration (around neck)
 J - a ring of ice
 K - a ring of protection from cold (left hand)
Wands
 A - a wand of polymorph (2)
 C - a wand of charming (13) (quivered)
 D - a wand of light (9)
 G - a wand of flame (23)
 L - a wand of roots (8)
Scrolls
 g - a scroll of immolation
 h - 2 scrolls of teleportation
 i - a scroll of brand weapon
 o - a scroll of silence
 p - 3 scrolls of magic mapping
 q - a scroll of butterflies
 y - 2 scrolls of enchant armour
 F - a scroll of fear
 I - a scroll of identify
 O - a scroll of noise
 P - a scroll of blinking
 R - a scroll of poison {unknown}
Potions
 d - 5 potions of might
 j - 2 potions of mutation
 l - 3 potions of brilliance
 m - a potion of cancellation {unknown}
 r - a potion of flight {unknown}
 s - a potion of ambrosia
 u - 5 potions of curing
 v - a potion of attraction {unknown}
 x - 2 potions of resistance
 z - 3 potions of haste
 B - a potion of degeneration {unknown}
 H - 2 potions of magic
 M - a potion of lignification {unknown}
 Q - a potion of invisibility {unknown}


   Skills:
 + Level 10.5 Fighting
 + Level 6.6 Long Blades
 - Level 7.8 Polearms
 - Level 1.9 Ranged Weapons
 + Level 10.5 Armour
 - Level 6.1 Shields
 + Level 6.6 Invocations
 + Level 1.7 Evocations


You had 9 spell levels left.
You didn't know any spells.
Your spell library contained the following spells:

 Spells                   Type           Power      Damage    Failure   Level
 Gell's Gravitas          Tloc           0%         N/A       100%        3
 Lesser Beckoning         Tloc           0%         N/A       100%        3
 Teleport Other           Tloc           0%         N/A       100%        3


Dungeon Overview and Level Annotations

Branches:
Dungeon (10/15)            Temple (1/1) D:6            Lair (0/5) D:10
 Bailey (visited)
    Orc: D:9-12

Altars:
Ashenzari
Cheibriados
Dithmenos
Elyvilon
Fedhas
Gozag
Hepliaklqana
Kikubaaqudgha
Makhleb
Nemelex Xobeh
Okawaru
Qazlal
Ru
Sif Muna
Uskayaw
Vehumet
Wu Jian
Xom
Yredelemnul
Zin
The Shining One

Shops:
D:6 *   D:10 (=((*


Innate Abilities, Weirdness & Mutations

You have a pair of horns on your head.
You reflexively headbutt those who attack you in melee.


Message History

The wraith hits you!
* * * LOW HITPOINT WARNING * * *
The wraith hits you.
* * * LOW HITPOINT WARNING * * *
The wraith drains your vigour!
You feel as though you will be slow longer.
You feel better. The wraith hits you.
* * * LOW HITPOINT WARNING * * *
The wraith barely misses you.
You slash the wraith!
You destroy the wraith!
The Shining One accepts your kill.
You start resting.
You are no longer corroded.
You start resting.
You recover from your berserk rage.
You start resting.
HP restored.
Things that are here:
a +0 dagger; a +0 robe Why would you want to do that?
A two-headed ogre comes into view.
It is wielding a +0 giant spiked club and a +0 giant club.
The two-headed ogre shouts in stereo!
You slice the two-headed ogre!!
The two-headed ogre is heavily wounded.
The two-headed ogre hits you with a +0 giant spiked club!!
The two-headed ogre hits you with a +0 giant club!!
You slash the two-headed ogre!
The two-headed ogre is severely wounded.
The two-headed ogre barely misses you.
The two-headed ogre hits you with a +0 giant club!!
* * * LOW HITPOINT WARNING * * *
The two-headed ogre hits you with a +0 giant spiked club!
* * * LOW HITPOINT WARNING * * *
The two-headed ogre hits you with a +0 giant club!
* * * LOW HITPOINT WARNING * * *
The two-headed ogre hits you with a +0 giant spiked club!
The Shining One protects you from harm!
The two-headed ogre hits you with a +0 giant club!
You die...

##.###.##
#.##
#####.#.#
#...
#......#
######.##
#.###..#
#........
#.###..#
#.....###
#.#.)..#
#...>.#
#.#.#.##
#.....#
#O#.#.#
#######
#.@...#
###.###
#.### ###
#...# #.. .
###.# #.. #.
#.## #..
#.###
#.≈####+#
#≈#. .....
#.§§§≈≈.≈
≈§≈## #..#
#######...##


You could see a two-headed ogre.

Vanquished Creatures
  Erica (D:9)
  A two-headed ogre (D:9)
  The ghost of sanka the Insei, a novice GnCA of Ignis (D:7)
  A kobold demonologist (D:10)
  2 wraiths (D:10)
  2 shadows
  A wyvern (D:9)
  2 steam dragons
  3 wargs (D:10)
  3 water moccasins
  5 orc warriors (Bailey)
  3 ice beasts
  4 centaurs
  An ogre (D:4)
  A phantom (D:6)
  4 kobold brigands
  A gnoll sergeant (D:8)
  6 bullfrogs
  3 scorpions
  5 killer bees (D:9)
  A howler monkey (D:7)
  A jelly (D:7)
  5 orc priests
  4 hounds
  3 iguanas
  Ijyb (D:3)
  11 orc wizards
  5 adders
  13 gnolls
  4 shadow imps
  A worm (D:4)
  3 dart slugs
  47 orcs
  11 endoplasms
  A giant cockroach (D:1)
  12 goblins
  12 hobgoblins
  4 quokkas
  2 ball pythons
  2 bats (D:1)
  6 frilled lizards
  31 kobolds
  3 rats
  A toadstool (D:1)
234 creatures vanquished.

Vanquished Creatures (others)
  6 toadstools (D:1)
6 creatures vanquished.

Grand Total: 240 creatures vanquished

Notes
Turn   | Place    | Note
-------+----------+-------------------------------------------
     0 | D:1      | Metae the Minotaur Fighter began the quest for the Orb.
     0 | D:1      | Reached XP level 1. HP: 19/19 MP: 0/0
   196 | D:1      | Reached XP level 2. HP: 22/27 MP: 1/1
   743 | D:1      | Reached XP level 3. HP: 33/33 MP: 2/2
  1560 | D:2      | Found a sparkling altar of Nemelex Xobeh.
  1880 | D:3      | Reached XP level 4. HP: 41/41 MP: 3/3
  2098 | D:3      | Found a faded altar of an unknown god.
  2426 | D:3      | Reached XP level 5. HP: 30/47 MP: 4/4
  2436 | D:3      | Reached skill level 5 in Armour
  2987 | D:4      | Noticed Ijyb
  3013 | D:2      | Reached skill level 5 in Fighting
  3254 | D:3      | Killed Ijyb
  3340 | D:4      | Noticed an ogre
  3347 | D:4      | Killed an ogre
  3348 | D:4      | Reached XP level 6. HP: 56/56 MP: 5/5
  3975 | D:4      | Reached skill level 5 in Shields
  4020 | D:4      | Found a glowing silver altar of Zin.
  4124 | D:5      | Entered Level 5 of the Dungeon
  4345 | D:5      | Found a radiant altar of Vehumet.
  4553 | D:5      | Reached XP level 7. HP: 62/62 MP: 6/6
  4685 | D:5      | Reached skill level 5 in Polearms
  5292 | D:6      | Found a staircase to the Ecumenical Temple.
  5352 | Temple   | Entered the Ecumenical Temple
  5568 | Temple   | Became a worshipper of the Shining One
  5674 | D:6      | Found Wehieraq's Lightly-Used Armoury.
  5757 | D:6      | Found a shadowy altar of Dithmenos.
  5758 | D:6      | Found a hide-covered altar of Uskayaw.
  5827 | D:6      | Reached skill level 1 in Invocations
  5827 | D:6      | Reached XP level 8. HP: 68/71 MP: 7/7
  6067 | D:7      | Found a runed translucent door.
  6067 | D:7      | Noticed sanka's ghost (novice GnCA)
  6154 | D:7      | Found a flagged portal.
  6175 | Bailey   | Entered a bailey
  6648 | Bailey   | Reached skill level 1 in Ranged Weapons
  6929 | Bailey   | Reached XP level 9. HP: 81/81 MP: 10/10
  7297 | Bailey   | Identified the +1 triple sword of Tomorrow {vorpal, *Rage
                  | rElec Dex+3}
  7679 | D:7      | Reached * piety under the Shining One
  7861 | D:7      | Reached skill level 1 in Long Blades
  8169 | D:7      | Killed sanka's ghost
  8660 | D:8      | Reached skill level 5 in Invocations
  9581 | D:9      | Reached XP level 10. HP: 91/91 MP: 12/12
  9606 | D:9      | Noticed Erica
  9614 | D:9      | Killed Erica
  9615 | D:9      | Reached skill level 5 in Long Blades
  9836 | D:9      | Found an opulent altar of Gozag.
 10088 | D:9      | Noticed a two-headed ogre
 10096 | D:9      | Killed a two-headed ogre
 10097 | D:9      | Reached skill level 10 in Fighting
 10097 | D:9      | Reached skill level 10 in Armour
 10188 | D:9      | Found a sacrificial altar of Ru.
 10381 | D:10     | Entered Level 10 of the Dungeon
 10381 | D:10     | Found Siqatamu's Jewellery Emporium.
 10545 | D:10     | Found Teont's Weapon Shoppe.
 10574 | D:10     | Found an iron altar of Okawaru.
 10644 | D:10     | Reached skill level 1 in Evocations
 10669 | D:10     | Found a staircase to the Lair.
 10782 | D:10     | Found Zufiorr's General Store.
 10863 | D:10     | Found Cerghas's Weapon Shop.
 10925 | D:10     | Found Istafeti's Weapon Emporium.
 10948 | D:10     | Noticed a rust devil
 10964 | D:10     | HP: 2/94 [wraith (4)]
 11039 | D:10     | Noticed a two-headed ogre
 11043 | D:10     | The Shining One protects you from harm!
 11043 | D:10     | Slain by a two-headed ogre

Illustrated notes

Levels and vault maps discovered:
D:1:      nagdon_arrival_zigzag_paths, layout_basic, grunt_decor_mini_mirrors,
          minmay_tromino_v4_b
D:2:      layout_loops_ring, basic_altar, serial_co_window_serial,
          co_window_of_opportunity_a, co_window_corner_a, co_window_paths_b,
          co_window_paths_a, co_window_corner_a, co_window_unsneaky_path_d,
          co_window_unsneaky_path_d, co_window_corner_ca
D:3:      layout_basic, ebering_ecumenical_altar_box
D:4:      layout_loops_cross, mainiacjoe_overflow_alcove_1, uniq_ijyb
D:5:      layout_rooms, nicolae_vehumet_radiance, minmay_misc_feat_alley
D:6:      layout_basic, minitemple, minmay_temple_entry_arrows,
          minmay_shop_damaged
D:7:      layout_basic, enter_bailey_3, serial_curves, eino_curves_01,
          eino_curves_02, hellmonk_ghost_happy_afterlife
D:8:      layout_cave_pods
D:9:      layout_rooms, grunt_gozag_statues, nicolae_ru_awakened_eye,
          chequers_serial_rivers_micro_c, uniq_erica
D:10:     layout_loops_cross, okawaru_altar_gauntlet_db, lightli_temple_of_fire,
          erik_lair_orcish_takeover, serial_shops, shop, shop,
          nicolae_shop_hallway_stairs, nicolae_shop_hallway_plus,
          nicolae_shop_stone
Temple:   eino_narrow_crystal_temple

Skill      XL: |  1  2  3  4  5  6  7  8  9 10 |
---------------+-------------------------------+-----
Armour         | 4 5 6 8 9 10 | 10.5
Fighting       | 4 5 6 8 9 10 | 10.5
Polearms       | 3 4 5 7 |  7.8
Shields        | 4 5 6 |  6.1
Invocations    | 1 3 5 6 |  6.6
Ranged Weapons | 1 |  1.9
Long Blades    | 4 6 |  6.6
Evocations     | 1 |  1.7

Action                   |  1- 3 |  4- 6 |  7- 9 | 10-12 || total
-------------------------+-------+-------+-------+-------++-------
Melee: Trident           |    70 |   125 |   213 |       ||   408
       Headbutt          |    13 |    20 |    50 |    21 ||   104
       Triple sword      |       |       |    92 |    93 ||   185
 Fire: Sling             |       |       |   159 |       ||   159
Throw: Stone             |       |       |    10 |       ||    10
       Dart              |       |       |    10 |       ||    10
       Javelin           |       |       |     3 |       ||     3
Invok: Divine Shield     |       |       |       |     1 ||     1
Evoke: Wand              |       |       |     3 |     1 ||     4
  Use: Scroll            |       |     6 |     8 |     4 ||    18
       Potion            |       |       |     5 |     1 ||     6
Armor: Scale mail        |     9 |       |       |       ||     9
       Chain mail        |    10 |    55 |   242 |    48 ||   355
Dodge: Dodged            |    24 |    17 |   139 |    49 ||   229
Block: Buckler           |    14 |       |       |       ||    14
       Tower shield      |    13 |   100 |   291 |       ||   404
       Other             |       |       |       |     3 ||     3
